[Event "Team 45 45 League T42"]
[Site "Internet Chess Club"]
[Date "2009.09.20"]
[Round "8"]
[White "TerryMalloy"]
[Black "awb"]
[Result "1-0"]
[WhiteElo "2024"]
[BlackElo "1739"]
[Opening "French: exchange variation"]
[ECO "C01"]
[Time "17:25:33"]
[TimeControl "2700+45"]

1. e4 e6 2. d4 d5 3. exd5 exd5 4. Nf3 Bd6 5. c4 c6 6. Nc3 Ne7 7. Bd3 Nd7 8. O-O
O-O 9. Bg5 Qc7 10. Rc1 h6 11. Bh4 Ng6 12. Bg3 Nf4 13. cxd5 Nxd3 14. Qxd3 Bxg3
15. fxg3 cxd5 16. Nxd5 Qa5 17. Nc3 Nf6 18. Qb5 Qd8 19. Rcd1 a6 20. Qd3 Be6 21.
d5 Bd7 22. Ne5 Qb6+ 23. Kh1 Rad8 24. b3 Be6 25. Qf3 Bc8 26. Qf2 Qc7 27. Qd4 Rfe8
28. d6 Qa5 29. Nc4 Qh5 30. Nb6 Ng4 31. h3 Be6 32. Nbd5 Ne5 33. Nf4 Qg5 34. Ne4
Nc6 35. Nxg5 Nxd4 36. Nfxe6 fxe6 37. Rxd4 hxg5 38. Rc1 Rd7 39. Rc7 Red8 40. Kg1
Rxd6 41. Rxd6 Rxd6 42. Rxb7 Kh7 43. Kf1 Kg6 44. Ke2 Kf6 45. g4 g6 46. Rc7 e5 47.
Rc8 Ke7 48. Rc5 Ke6 49. a3 Rb6 50. b4 Kd6 51. Ke3 Rb5 52. Rxb5 axb5 53. Ke4 Ke6
54. g3 Kd6 55. h4 Ke6 56. h5 gxh5 57. gxh5 Kf6 58. g4 Ke6 59. h6 Kf6 60. h7 Kg7
61. Kxe5 Kxh7 62. Kf5 Kh6 63. Kf6 Kh7 64. Kxg5 Kg7 65. Kf5 Kf7 66. Ke5 {Black
resigns} 1-0

[Event "Team 45 45 League T42"]
[Site "Internet Chess Club"]
[Date "2009.09.19"]
[Round "8"]
[White "fishhead"]
[Black "hondocando"]
[Result "1-0"]
[WhiteElo "1875"]
[BlackElo "1706"]
[Opening "Sicilian defense"]
[ECO "B27"]
[Time "18:03:24"]
[TimeControl "2700+45"]

1. e4 c5 2. Nf3 d5 3. exd5 Qxd5 4. Nc3 Qh5 5. d4 cxd4 6. Qxd4 Nc6 7. Qd5 Nf6 8.
Qxh5 Nxh5 9. Nb5 Nb4 10. Nfd4 Na6 11. f4 e6 12. Be3 Bc5 13. O-O-O Bd7 14. Be2
Nf6 15. g3 O-O 16. Rhe1 Nb4 17. Kb1 Nbd5 18. Bg1 a6 19. c4 Bxb5 20. cxb5 Bb4 21.
Rf1 axb5 22. a3 Bxa3 23. bxa3 Nc3+ 24. Kb2 Nxd1+ 25. Rxd1 b4 26. axb4 Nd5 27.
Kb3 Rfd8 28. Nb5 Rd7 29. Nc3 Nxc3 30. Kxc3 Rxd1 31. Bxd1 Ra1 32. Kd2 Ra2+ 33.
Bc2 Ra1 34. Bc5 Rh1 35. Be4 Rxh2+ 36. Ke3 Rb2 37. Bxb7 Rb3+ 38. Kf2 Rb2+ 39. Kf3
Rb3+ 40. Kg2 Rb2+ 41. Kh3 Rc2 42. Ba6 f5 43. Ba7 Kf7 44. b5 Ra2 45. Bd4 h6 46.
b6 Ra3 47. b7 Rb3 48. Be5 g5 49. b8=Q Rxb8 50. Bxb8 Ke7 51. Bc8 Kf7 52. Bd6 Kf6
53. Bd7 Kf7 54. Kg2 Kf6 55. Be8 Kg7 56. Be7 gxf4 57. gxf4 Kg8 58. Kg3 Kg7 59.
Kh4 Kg8 60. Bf6 Kf8 61. Bg6 Kg8 62. Kh5 Kf8 63. Kxh6 Kg8 64. Be7 Kh8 65. Be8 Kg8
66. Kg6 Kh8 67. Bd6 e5 68. Bxe5+ Kg8 69. Bd6 Kh8 70. Be7 Kg8 71. Bf7+ Kh8 72.
Bf6# {Black checkmated} 1-0

[Event "Team 45 45 League T42"]
[Site "Internet Chess Club"]
[Date "2009.09.18"]
[Round "8"]
[White "crag"]
[Black "CREDITorDEBIT"]
[Result "1-0"]
[WhiteElo "1846"]
[BlackElo "1714"]
[Opening "Sicilian: dragon, classical, Richter variation"]
[ECO "B73"]
[Time "13:00:56"]
[TimeControl "2700+45"]

1. e4 c5 2. Nf3 d6 3. d4 cxd4 4. Nxd4 Nf6 5. Nc3 g6 6. Be2 Bg7 7. O-O Nc6 8. Be3
O-O 9. Qd2 Ng4 10. Nxc6 bxc6 11. Bg5 Qc7 12. h3 Nf6 13. Rad1 a5 14. Bh6 Ba6 15.
Bxg7 Kxg7 16. Bxa6 Rxa6 17. Rfe1 a4 18. Qd4 c5 19. Qc4 Rfa8 20. e5 dxe5 21. Nb5
Qb7 22. Rxe5 Rc8 23. Qe2 Ng8 24. c4 Rcc6 25. Qe3 Qb6 26. Rdd5 f6 27. Rxe7+ Nxe7
28. Qxe7+ Kh6 29. Qf8# {Black checkmated} 1-0

[Event "Team 45 45 League T42"]
[Site "Internet Chess Club"]
[Date "2009.09.21"]
[Round "8"]
[White "Ianjo"]
[Black "cityprosecutor"]
[Result "1/2-1/2"]
[WhiteElo "1884"]
[BlackElo "1749"]
[Opening "English: symmetrical, Benoni formation"]
[ECO "A31"]
[Time "22:12:52"]
[TimeControl "2700+45"]

1. d4 Nf6 2. c4 c5 3. Nf3 cxd4 4. Nxd4 d6 5. Nc3 g6 6. e4 Nc6 7. Be2 Nxd4 8.
Qxd4 Bg7 9. Be3 O-O 10. Qd2 Be6 11. O-O Qa5 12. Nd5 Qxd2 13. Nxe7+ Kh8 14. Bxd2
Nxe4 15. Be3 Bxb2 16. Rab1 Bf6 17. Rxb7 Nc3 18. Bd3 Nxa2 19. Bxa7 Nb4 20. Rxb4
Rxa7 21. Nd5 Bd4 22. Rc1 Bc5 23. Rb2 Bxd5 24. cxd5 Rfa8 25. Re2 Ra1 26. Rf1
Rxf1+ 27. Kxf1 Ra1+ 28. Re1 Rxe1+ 29. Kxe1 Kg7 30. Ke2 Kf6 31. f4 h6 32. Kf3 h5
33. g3 Bb6 34. h4 Bc5 35. Ba6 Bb6 36. Bc8 Bc5 37. g4 hxg4+ 38. Kxg4 Bd4 39. h5
gxh5+ 40. Kxh5 Bc5 41. Kg4 Bd4 42. Bd7 Bc5 43. Kf3 Bb6 44. Ke4 Bc5 45. Kd3 Bg1
46. Bh3 Bh2 47. Ke4 Bg1 48. Bf1 Bc5 {Game drawn by mutual agreement} 1/2-1/2

[Event "Team 45 45 League T42"]
[Site "Internet Chess Club"]
[Date "2009.09.20"]
[Round "8"]
[White "chess9793"]
[Black "PrincessChess"]
[Result "1-0"]
[WhiteElo "1850"]
[BlackElo "1693"]
[Opening "Ruy Lopez: Bird's defense"]
[ECO "C61"]
[Time "18:00:22"]
[TimeControl "2700+45"]

1. e4 e5 2. Nf3 Nc6 3. Bb5 Nd4 4. Nxd4 exd4 5. O-O Bc5 6. d3 c6 7. Bc4 d5 8.
exd5 cxd5 9. Bb3 Ne7 10. Bg5 O-O 11. Nd2 Be6 12. Nf3 Qc7 13. Re1 Ng6 14. Nh4 Bd6
15. Nxg6 Bxh2+ 16. Kh1 hxg6 17. g3 Bxg3 18. fxg3 Qxg3 19. Qd2 f6 20. Qg2 Qxg2+
21. Kxg2 Kf7 22. Bh4 Rh8 23. Bf2 Rh5 24. Bxd4 a5 25. c3 Rah8 26. Rh1 Bh3+ 27.
Kf2 Rf5+ 28. Ke3 Re8+ 29. Kd2 Bg4 30. Rae1 Rxe1 31. Rxe1 b5 32. a4 bxa4 33. Bxa4
Bh5 34. Bd7 Rg5 35. Be6+ Kf8 36. Bc5+ Ke8 37. Bxd5+ Kd7 38. c4 Re5 39. Rxe5 fxe5
40. Bf8 g5 41. Bxg7 Kd6 42. Bf8+ Kc7 43. Bc5 a4 44. Kc3 Bd1 45. Kb4 Bc2 46. Be4
g4 47. Kb5 g3 48. Bb6+ Kb8 49. c5 Bb3 50. c6 Be6 51. Kxa4 g2 52. Bxg2 e4 53.
Bxe4 Bd7 54. Ba7+ {Black resigns} 1-0

[Event "Team 45 45 League T42"]
[Site "Internet Chess Club"]
[Date "2009.09.19"]
[Round "8"]
[White "LuxAeterna"]
[Black "chess9397"]
[Result "0-1"]
[WhiteElo "1781"]
[BlackElo "1894"]
[Opening "Sicilian: Hungarian variation"]
[ECO "B27"]
[Time "22:12:23"]
[TimeControl "2700+45"]

1. e4 c5 2. Nf3 g6 3. h4 h5 4. Bc4 Bg7 5. Nc3 Nc6 6. d3 e6 7. Be3 b6 8. Qd2 Nge7
9. a3 d5 10. exd5 exd5 11. Bb5 d4 12. Bg5 f6 13. Qe2 Kf8 14. Ne4 fxg5 15. Nfxg5
Ne5 16. Qd2 Nd5 17. Ba6 Bh6 18. Bb7 Bxb7 {White resigns} 0-1

[Event "Team 45 45 League T42"]
[Site "Internet Chess Club"]
[Date "2009.09.20"]
[Round "8"]
[White "chsrules88"]
[Black "Amauta"]
[Result "0-1"]
[WhiteElo "2044"]
[BlackElo "1907"]
[Opening "Petrov: modern attack, Symmetrical variation"]
[ECO "C43"]
[Time "21:38:33"]
[TimeControl "2700+45"]

1. e4 e5 2. Nf3 Nf6 3. d4 Nxe4 4. Bd3 d5 5. Nxe5 Nd7 6. Bxe4 dxe4 7. Qe2 Qe7 8.
Nxd7 Bxd7 9. O-O O-O-O 10. c4 Qh4 11. g3 Qh3 12. Qxe4 Re8 13. Qg2 Qh5 14. h4 h6
15. Nc3 g5 16. Ne4 Qg6 17. f3 f5 18. Nc3 gxh4 19. gxh4 Qf7 20. Kf2 Rg8 21. Qh2
Qxc4 22. Be3 Qd3 23. Nd5 Qc2+ 24. Ke1 Qxh2 25. Rc1 Rxe3+ 26. Nxe3 Bb4+ 27. Rc3
Qxb2 28. Nd5 Re8+ 29. Kd1 Ba4+ 30. Rb3 Qd2# {White checkmated} 0-1

[Event "Team 45 45 League T42"]
[Site "Internet Chess Club"]
[Date "2009.09.20"]
[Round "8"]
[White "CHESSISTA1"]
[Black "cognito"]
[Result "1-0"]
[WhiteElo "1793"]
[BlackElo "1704"]
[Opening "English: symmetrical variation"]
[ECO "A35"]
[Time "11:08:09"]
[TimeControl "2700+45"]

1. c4 c5 2. Nc3 Nc6 3. Nf3 e5 4. d3 g6 5. g3 d6 6. Bg2 Bg7 7. O-O Nge7 8. a3 O-O
9. Rb1 a5 10. Qc2 Nd4 11. Nxd4 exd4 12. Nb5 Rb8 13. b4 b6 14. Bf4 Be5 15. Bg5
Bb7 16. Bxb7 Rxb7 17. e3 dxe3 18. fxe3 axb4 19. axb4 Qd7 20. d4 cxd4 21. exd4
Bg7 22. Rbe1 f6 23. Bf4 d5 24. Nd6 Ra7 25. c5 g5 26. cxb6 gxf4 27. bxa7 Qxd6 28.
Qa2 fxg3 29. a8=Q Rxa8 30. Qxa8+ Kf7 31. b5 f5 32. Qb7 Bxd4+ 33. Kg2 Kf6 34.
Rxe7 Qxe7 35. Rxf5+ Ke6 36. Qxe7+ Kxe7 37. Rxd5 Bb6 38. hxg3 h6 39. Kf3 Ba5 40.
Ke4 Ke6 41. g4 Bd8 42. Rxd8 {Black resigns} 1-0

[Event "Team 45 45 League T42"]
[Site "Internet Chess Club"]
[Date "2009.09.20"]
[Round "8"]
[White "RingLord"]
[Black "Kravier"]
[Result "0-1"]
[WhiteElo "1683"]
[BlackElo "1719"]
[Opening "Caro-Kann: advance variation"]
[ECO "B12"]
[Time "08:02:05"]
[TimeControl "2700+45"]

1. e4 c6 2. d4 d5 3. e5 Bf5 4. Nc3 e6 5. g4 Bg6 6. Nge2 Nd7 7. h4 h6 8. Be3 Qb6
9. Na4 Qa5+ 10. Nac3 Qb6 11. Na4 Qa5+ 12. Nac3 Bb4 13. f4 Be4 14. Rh3 Qa4 15.
Bd2 Bxc3 16. Rxc3 h5 17. b3 Qa5 18. Re3 Qb6 19. g5 Ne7 20. Ng3 Qxd4 21. c3 Qb6
22. Nxe4 dxe4 23. Rxe4 Nf5 24. Qf3 Nxh4 25. Qh3 Nf5 26. O-O-O O-O-O 27. Bd3 Nc5
28. Bc2 Nxe4 29. Bxe4 g6 30. Qf3 h4 31. Kc2 Qc5 32. Kb2 h3 33. Bxf5 gxf5 34. Be3
Qa5 35. Rh1 Rd3 36. b4 Qd5 37. Qxd5 cxd5 38. Bxa7 Rf3 39. a4 Rxf4 40. a5 Rg4 41.
Kb3 Rxg5 42. b5 h2 43. a6 Rg2 44. Bc5 bxa6 45. bxa6 Kc7 46. a7 Kb7 47. c4 Rh3+
48. Kb4 Rb2+ 49. Ka4 dxc4 50. Bd4 c3 51. Ka3 Rd2 52. Rb1+ Rb2 53. Rh1 Rd3 54.
Bc5 Rd5 55. Bb4 Rb5 56. Rc1 R5xb4 57. Rxc3 h1=Q 58. a8=Q+ Kxa8 59. Rc8+ Ka7 60.
Ra8+ Kb7 61. Rb8+ Kc6 62. Rc8+ Kd5 63. Rc5+ Ke4 {White resigns} 0-1

[Event "Team 45 45 League T42"]
[Site "Internet Chess Club"]
[Date "2009.09.20"]
[Round "8"]
[White "cocou"]
[Black "Bookkeeper"]
[Result "0-1"]
[WhiteElo "1651"]
[BlackElo "1710"]
[Opening "Caro-Kann: exchange variation"]
[ECO "B13"]
[Time "11:06:42"]
[TimeControl "2700+45"]

1. d4 c6 2. e4 d5 3. exd5 cxd5 4. Nf3 Bf5 5. Bd3 Bxd3 6. Qxd3 Nf6 7. Qb5+ Qd7 8.
Qxd7+ Nbxd7 9. O-O e6 10. Bg5 Rc8 11. c3 Bd6 12. Nbd2 O-O 13. Rfe1 h6 14. Bh4
Rc6 15. Bg3 Bxg3 16. hxg3 Rfc8 17. Nh2 b5 18. a3 Nb6 19. Nhf1 Nfd7 20. Ne3 Nc4
21. Nexc4 bxc4 22. Re2 Rb6 23. Rb1 Rcb8 24. Nf1 Rb3 25. Rc2 Rxa3 26. Nd2 Ra2 27.
Nf3 Nb6 28. Ne5 a5 29. Rcc1 Na4 30. Ra1 Rxa1 31. Rxa1 Nxb2 32. Rxa5 Nd1 33. Nc6
Rb1 34. Ra8+ Kh7 35. Nd8 Nxc3+ 36. Kh2 Kg6 37. Ra7 Nb5 38. Rb7 c3 39. Nxf7 c2
40. Ne5+ Kh7 41. Nd3 Nxd4 42. Rc7 Rd1 {White resigns} 0-1

[Event "Team 45 45 League T42"]
[Site "Internet Chess Club"]
[Date "2009.09.21"]
[Round "8"]
[White "vkpanch"]
[Black "SleepyEyes"]
[Result "1-0"]
[WhiteElo "1701"]
[BlackElo "1731"]
[Opening "Scandinavian (center counter) defense"]
[ECO "B01"]
[Time "22:02:14"]
[TimeControl "2700+45"]

1. e4 d5 2. exd5 Qxd5 3. Nc3 Qa5 4. d4 c6 5. Nf3 Nf6 6. Bd2 Qc7 7. h3 Bf5 8. Bc4
e6 9. Ne5 Bd6 10. Bf4 Nbd7 11. g4 Nxe5 12. Bxe5 Bxe5 13. gxf5 Rd8 14. fxe6 Rxd4
15. exf7+ Ke7 16. Qe2 b5 17. Bb3 b4 18. Nd1 Re4 19. Ne3 Bxb2 20. Rd1 Bc3+ 21.
Kf1 Rd8 22. Kg2 Rdd4 23. f3 Nh5 24. Rxd4 Bxd4 25. Nf5+ Kf8 26. Qxe4 Nf4+ 27. Kf1
{Black resigns} 1-0

[Event "Team 45 45 League T42"]
[Site "Internet Chess Club"]
[Date "2009.09.19"]
[Round "8"]
[White "Spencer"]
[Black "natethegreat"]
[Result "0-1"]
[WhiteElo "1796"]
[BlackElo "1970"]
[Opening "Sicilian: closed"]
[ECO "B23"]
[Time "13:54:41"]
[TimeControl "2700+45"]

1. e4 c5 2. Nc3 e6 3. f4 a6 4. Nf3 Qc7 5. d3 Nc6 6. Be2 d6 7. O-O Nf6 8. Bd2 Be7
9. Qe1 O-O 10. Nh4 b5 11. Qg3 Nd4 12. Bd1 Kh8 13. f5 e5 14. Qh3 Qd8 15. Bg5 b4
16. Ne2 Ne8 17. Bxe7 Qxe7 18. Nxd4 cxd4 19. Bh5 Qg5 20. Nf3 Qh6 21. Rae1 Nf6 22.
Bg4 Qxh3 23. Bxh3 Nh5 24. Bg4 Nf6 25. Bh3 Bb7 26. g4 a5 27. Nd2 h6 28. Nc4 Ra6
29. Ra1 Re8 30. a3 Rd8 31. axb4 axb4 32. Rxa6 Bxa6 33. Nd2 Rc8 34. Rc1 Bxd3 35.
Kf2 Nxe4+ 36. Nxe4 Bxe4 37. Ke2 Rxc2+ 38. Rxc2 Bxc2 39. Kd2 b3 40. Bg2 Kg8 41.
Bd5 Kf8 42. h4 f6 43. Bc4 e4 44. Ke2 Ke7 45. h5 Kd7 46. Bb5+ Kc7 47. Kd2 d5 48.
Kc1 e3 49. Bc4 dxc4 50. g5 d3 51. g6 d2# {White checkmated} 0-1

[Event "Team 45 45 League T42"]
[Site "Internet Chess Club"]
[Date "2009.09.20"]
[Round "8"]
[White "soccerisfun"]
[Black "HotRats"]
[Result "1-0"]
[WhiteElo "1499"]
[BlackElo "1328"]
[Opening "Scandinavian defense"]
[ECO "B01"]
[Time "14:00:30"]
[TimeControl "2700+45"]

1. e4 d5 2. exd5 Nf6 3. Bb5+ Bd7 4. Bxd7+ Qxd7 5. c4 e6 6. dxe6 Qxe6+ 7. Qe2
Qxe2+ 8. Nxe2 Bd6 9. b3 Nc6 10. Bb2 Nb4 11. Kd1 Nd3 12. Bd4 Ne4 13. Rf1 f6 14.
h3 Be5 15. Bxe5 Nxe5 16. Nbc3 Nxc3+ 17. Nxc3 O-O-O 18. Kc2 Rd7 19. Rad1 Rhd8 20.
f4 Nd3 21. Rf3 c6 22. g4 Rd4 23. f5 Kc7 24. Ne2 R4d7 25. Nc1 Ne5 26. Re3 h6 27.
Kc3 c5 28. d3 Nc6 29. Ne2 Nb4 30. Nf4 Nxa2+ 31. Kb2 Nb4 32. Ne6+ {Black resigns}
1-0

[Event "Team 45 45 League T42"]
[Site "Internet Chess Club"]
[Date "2009.09.21"]
[Round "8"]
[White "alan"]
[Black "Folgers"]
[Result "1/2-1/2"]
[WhiteElo "2147"]
[BlackElo "1984"]
[Opening "English opening"]
[ECO "A20"]
[Time "21:00:10"]
[TimeControl "2700+45"]

1. c4 e5 2. g3 Nf6 3. Bg2 c6 4. d4 exd4 5. Qxd4 d5 6. Nf3 Be7 7. cxd5 cxd5 8.
O-O O-O 9. Be3 Nc6 10. Qa4 Ne4 11. Nc3 Nxc3 12. bxc3 Bf6 13. Nd4 Bd7 14. Qb3
Nxd4 15. Bxd4 Bc6 16. Rfd1 Re8 17. e3 Bxd4 18. Rxd4 Qc7 19. Rad1 Red8 20. Bxd5
Bxd5 21. Rxd5 Rxd5 22. Qxd5 Rc8 23. Qd7 g6 24. Qxc7 Rxc7 25. Rd3 Rc4 26. Kf1 Ra4
27. Rd2 Ra3 28. Rc2 Kf8 29. Ke2 Ke7 30. Kd3 Kd6 31. e4 f6 32. f4 b5 33. Kd4 Ra4+
34. Kd3 Kc5 35. g4 f5 36. gxf5 gxf5 37. Re2 fxe4+ 38. Rxe4 Rxa2 39. Re5+ Kc6 40.
Rh5 a5 41. Rxh7 Rf2 42. Ke3 Rc2 43. Kd3 Rf2 44. Rh6+ Kc5 45. Rh5+ Kc6 46. Rh6+
Kc5 47. Rh5+ Kc6 48. Rh6+ {Game drawn by repetition} 1/2-1/2

[Event "Team 45 45 League T42"]
[Site "Internet Chess Club"]
[Date "2009.09.20"]
[Round "8"]
[White "TerryMalloy"]
[Black "imgr8"]
[Result "1-0"]
[WhiteElo "2018"]
[BlackElo "2000"]
[Opening "Sicilian: Smith-Morra gambit"]
[ECO "B21"]
[Time "10:04:57"]
[TimeControl "2700+45"]

1. e4 c5 2. d4 cxd4 3. c3 Nf6 4. e5 Nd5 5. Nf3 Nc6 6. Bc4 Nb6 7. Bb3 d5 8. exd6
e6 9. cxd4 Bxd6 10. O-O O-O 11. Nc3 Ne7 12. Bg5 Bd7 13. Ne5 Rc8 14. Re1 h6 15.
Bh4 Bxe5 16. dxe5 g5 17. Bg3 Bc6 18. Qe2 Nf5 19. Rad1 Qe7 20. Bc2 Rfd8 21. Bb1
Rxd1 22. Rxd1 Rd8 23. Rxd8+ Qxd8 24. Qd3 Qxd3 25. Bxd3 Nxg3 26. hxg3 Nd7 27. f4
Nc5 28. Bc2 Kg7 29. b4 Nd7 30. Kf2 b6 31. Bd1 f6 32. Bg4 Kf7 33. exf6 Nxf6 34.
Be2 Nd5 35. Nxd5 Bxd5 36. a3 a5 37. Bf3 Bb3 38. Ke3 Kf6 39. bxa5 bxa5 40. Be4
Bd1 41. Kd4 Bg4 42. Kc5 Bf5 43. Bc6 Bc2 44. Kb5 a4 45. Kb4 gxf4 46. gxf4 Kf5 47.
Bxa4 Bxa4 48. Kxa4 Kxf4 49. Kb5 Kg3 50. Kc5 Kxg2 51. a4 h5 52. a5 h4 53. a6 h3
54. a7 h2 55. a8=Q+ Kg1 56. Qa1+ Kg2 57. Qb2+ Kg1 58. Qc1+ Kg2 59. Qd2+ Kg1 60.
Qe1+ Kg2 61. Qe2+ Kg1 62. Qg4+ Kf2 63. Qh3 Kg1 64. Qg3+ {Black resigns} 1-0

[Event "Team 45 45 League T42"]
[Site "Internet Chess Club"]
[Date "2009.09.19"]
[Round "8"]
[White "snottgoblin"]
[Black "Guoruey"]
[Result "1-0"]
[WhiteElo "2057"]
[BlackElo "2011"]
[Opening "English: Neo-Catalan"]
[ECO "A13"]
[Time "15:11:57"]
[TimeControl "2700+45"]

1. Nf3 Nf6 2. c4 e6 3. g3 d5 4. Bg2 Bd6 5. Nc3 c6 6. cxd5 exd5 7. O-O O-O 8. b3
Bg4 9. Bb2 Bxf3 10. Bxf3 Nbd7 11. d3 Re8 12. Rc1 Nf8 13. e3 Qd7 14. Ne2 Be5 15.
Bxe5 Rxe5 16. Nd4 Rae8 17. b4 Qe7 18. Qd2 Ne6 19. Nb3 h5 20. h4 Kh8 21. Kg2 g5
22. Qb2 Ng7 23. hxg5 Rxg5 24. Rh1 Kh7 25. b5 cxb5 26. Nd4 a6 27. Rh4 Kg6 28. Ne2
Nf5 29. Nf4+ Kh6 30. Rh3 Reg8 31. Rc7 Qxc7 32. Qxf6+ R8g6 33. Qh8# {Black
checkmated} 1-0

[Event "Team 45 45 League T42"]
[Site "Internet Chess Club"]
[Date "2009.09.17"]
[Round "8"]
[White "MeanMrMustard"]
[Black "jefferyx"]
[Result "0-1"]
[WhiteElo "1928"]
[BlackElo "1963"]
[Opening "Sicilian defense"]
[ECO "B44"]
[Time "20:00:05"]
[TimeControl "2700+45"]

1. e4 c5 2. Nf3 e6 3. d4 cxd4 4. Nxd4 Nc6 5. c4 Nf6 6. f3 Bc5 7. Nb3 Bb4+ 8. Nc3
d5 9. exd5 exd5 10. a3 Bxc3+ 11. bxc3 Be6 12. c5 O-O 13. Bd3 Rc8 14. O-O Na5 15.
Be3 Nxb3 {White resigns} 0-1

[Event "Team 45 45 League T42"]
[Site "Internet Chess Club"]
[Date "2009.09.16"]
[Round "8"]
[White "adh2050"]
[Black "jonesey"]
[Result "1-0"]
[WhiteElo "2081"]
[BlackElo "1989"]
[Opening "French: King's Indian attack"]
[ECO "C00"]
[Time "14:07:47"]
[TimeControl "2700+45"]

1. e4 e6 2. d3 d5 3. Nd2 Nf6 4. g3 dxe4 5. dxe4 e5 6. Ngf3 Bc5 7. Bg2 Nc6 8. O-O
Bg4 9. h3 Be6 10. Qe2 Qd7 11. Ng5 Nd4 12. Qd3 O-O-O 13. c3 Nc6 14. Qxd7+ Kxd7
15. b4 Bb6 16. a4 a6 17. b5 Na5 18. Ndf3 Nc4 19. bxa6 bxa6 20. a5 Bc5 21. Ra4
Nd6 22. Nxe5+ Kc8 23. Nxe6 fxe6 24. Nc6 Nfxe4 25. Bxe4 {Black resigns} 1-0

[Event "Team 45 45 League T42"]
[Site "Internet Chess Club"]
[Date "2009.09.19"]
[Round "8"]
[White "fledermaus"]
[Black "Gregorio"]
[Result "1/2-1/2"]
[WhiteElo "2017"]
[BlackElo "2003"]
[Opening "Nimzo-Indian: classical, Noa variation, 5.cd ed"]
[ECO "E35"]
[Time "07:15:10"]
[TimeControl "2700+45"]

1. d4 Nf6 2. c4 e6 3. Nc3 Bb4 4. Qc2 d5 5. cxd5 exd5 6. Bg5 O-O 7. e3 c6 8. Bd3
h6 9. Bxf6 Qxf6 10. Nf3 Re8 11. O-O Nd7 12. Rac1 a5 13. Rfe1 Nf8 14. Ne5 Bd6 15.
f4 Qh4 16. Na4 Qd8 17. Qf2 f6 18. Ng6 Nxg6 19. Bxg6 Re7 20. a3 Be6 21. Nc5 Bf7
22. Bxf7+ Kxf7 23. f5 Bxc5 24. Rxc5 Qd6 25. Qd2 Qd7 26. Rf1 Rae8 27. Rf3 b6 28.
Rc3 Qd6 29. Qc1 {Game drawn by mutual agreement} 1/2-1/2

[Event "Team 45 45 League T42"]
[Site "Internet Chess Club"]
[Date "2009.09.16"]
[Round "8"]
[White "GabGag"]
[Black "smitty120"]
[Result "1-0"]
[WhiteElo "2041"]
[BlackElo "1865"]
[Opening "Ruy Lopez: exchange variation, Alapin gambit"]
[ECO "C68"]
[Time "21:03:04"]
[TimeControl "2700+45"]

1. e4 e5 2. Nf3 Nc6 3. Bb5 a6 4. Bxc6 dxc6 5. O-O Bg4 6. h3 h5 7. d3 Bd6 8. Be3
Bd7 9. d4 f6 10. dxe5 fxe5 11. c4 Qe7 12. Qc2 Bc5 13. Bxc5 Qxc5 14. Qc3 O-O-O
15. b4 Qd6 16. Nxe5 Be6 17. Nf3 Qf4 18. Qe5 Qxe5 19. Nxe5 Rd4 20. Nc3 Nf6 21.
Rfd1 Rhd8 22. f3 Bxc4 23. Rxd4 Rxd4 24. Kf2 Be6 25. a3 Rd2+ 26. Ne2 Nd7 27. Nxd7
Bc4 28. Kg3 Kxd7 29. Nf4 Bf7 30. h4 Kd6 31. Rc1 b6 32. Rc3 Be8 33. Nd3 Bf7 34.
f4 Be8 35. f5 Ke7 36. Kf3 Bd7 37. Ne5 Kd6 38. Nc4+ {Black resigns} 1-0

[Event "Team 45 45 League T42"]
[Site "Internet Chess Club"]
[Date "2009.09.21"]
[Round "8"]
[White "ddlj81"]
[Black "Matusalen"]
[Result "0-1"]
[WhiteElo "1826"]
[BlackElo "2015"]
[Opening "Caro-Kann defense"]
[ECO "B10"]
[Time "20:03:53"]
[TimeControl "2700+45"]

1. e4 c6 2. Nf3 d5 3. exd5 cxd5 4. d4 Nc6 5. Bf4 Bg4 6. Be2 Qb6 7. O-O e6 8. Nc3
a6 9. Na4 Qa7 10. Be3 Nf6 11. h3 Bh5 12. g4 Bg6 13. Ne5 Bd6 14. c4 Rc8 15. c5
Bxe5 16. dxe5 Nd7 17. f4 Be4 18. f5 exf5 19. gxf5 Ncxe5 20. Qb3 Qb8 21. Nc3 Nf3+
22. Bxf3 Qg3+ 23. Kh1 Qxh3+ 24. Kg1 Qg3+ 25. Kh1 Bxf3+ 26. Rxf3 Qxf3+ 27. Kh2
Qxe3 28. Nxd5 Qxb3 29. Re1+ Kd8 30. axb3 Rxc5 {White resigns} 0-1

[Event "Team 45 45 League T42"]
[Site "Internet Chess Club"]
[Date "2009.09.20"]
[Round "8"]
[White "Yotehagomate"]
[Black "Majamutu"]
[Result "1/2-1/2"]
[WhiteElo "2155"]
[BlackElo "2045"]
[Opening "English: Bremen system, Keres variation"]
[ECO "A23"]
[Time "16:16:11"]
[TimeControl "2700+45"]

1. c4 Nf6 2. Nc3 e5 3. g3 c6 4. Bg2 d5 5. cxd5 cxd5 6. d3 Nc6 7. Nf3 Be7 8. O-O
O-O 9. e3 d4 10. exd4 exd4 11. Ne2 a6 12. Bd2 Qb6 13. b3 Bf5 14. Nf4 Rac8 15. h3
h6 16. g4 Bh7 17. g5 hxg5 18. Nxg5 Bf5 19. Ne4 Qd8 20. Re1 Qd7 21. Ng3 Bh7 22.
Ngh5 Nxh5 23. Qxh5 Bd6 24. Be4 Bxe4 25. Rxe4 Rce8 26. Rae1 Rxe4 27. Rxe4 Re8 28.
Rxe8+ Qxe8 29. Qd5 Bxf4 30. Bxf4 Qe1+ 31. Kg2 Qe7 32. a4 Qf6 33. Bg3 Qg6 34. Qd7
Qxd3 35. Qe8+ Kh7 36. Qxf7 Qe4+ 37. f3 Qe2+ 38. Kg1 d3 39. Qf5+ Kg8 40. Bd6 d2
41. Qf8+ Kh7 42. Qf5+ Kg8 43. Qd5+ Kh7 44. Qf5+ Kg8 {Game drawn by repetition}
1/2-1/2

[Event "Team 45 45 League T42"]
[Site "Internet Chess Club"]
[Date "2009.09.20"]
[Round "8"]
[White "makito"]
[Black "frank001"]
[Result "0-1"]
[WhiteElo "1860"]
[BlackElo "1880"]
[Opening "QGD: 3.Nc3"]
[ECO "D31"]
[Time "03:34:31"]
[TimeControl "2700+45"]

1. d4 d5 2. c4 e6 3. Nc3 f5 4. Nf3 c6 5. e3 Nf6 6. Be2 Bd6 7. O-O Nbd7 8. Ng5
Qe7 9. f3 O-O 10. Qc2 Ne8 11. e4 h6 12. Nh3 fxe4 13. fxe4 Rxf1+ 14. Bxf1 Qh4 15.
Be3 e5 16. cxd5 exd4 17. g3 Bxg3 18. Bxd4 Be5 19. Qf2 Bxd4 20. Qxd4 Ndf6 21. Qe3
cxd5 22. exd5 Nd6 23. Nf2 Bd7 24. Qg3 Qb4 25. Nd3 Qb6+ 26. Kh1 Nf5 27. Qf2 Qxf2
28. Nxf2 Ne3 29. Bd3 Nfxd5 30. Nxd5 Nxd5 31. Bc4 Bc6 32. Rd1 Rd8 33. Ng4 Kf8 34.
Kg1 Ke7 35. Ne5 Rd6 36. Nxc6+ bxc6 37. Re1+ Re6 38. Rxe6+ Kxe6 39. Kf2 Ke5 40.
a3 Kd4 41. b3 g5 42. Kf3 h5 43. h3 a5 44. a4 c5 45. Bb5 Nf6 46. Be2 Ne4 47. Bd1
Nd2+ 48. Ke2 Kc3 49. Ke3 h4 50. Ke2 Nxb3 51. Kf3 Nd2+ 52. Kg4 Ne4 53. Bf3 Kd4
54. Kf5 Nf2 55. Kxg5 c4 56. Bh5 c3 57. Bg6 Nd3 {White resigns} 0-1

[Event "Team 45 45 League T42"]
[Site "Internet Chess Club"]
[Date "2009.09.18"]
[Round "8"]
[White "trucazzo"]
[Black "CHESSISTA1"]
[Result "1-0"]
[WhiteElo "2113"]
[BlackElo "1780"]
[Opening "King's Indian: East Indian defense"]
[ECO "A48"]
[Time "09:09:24"]
[TimeControl "2700+45"]

1. d4 Nf6 2. Nf3 g6 3. Nc3 d5 4. Bf4 c6 5. Qd2 Bg4 6. Ne5 Be6 7. f3 Bg7 8. O-O-O
h5 9. e3 Nbd7 10. Bd3 Rc8 11. h4 c5 12. Be2 a6 13. Kb1 b5 14. a3 b4 15. axb4
cxb4 16. Na4 Qa5 17. b3 Bf5 18. Bd3 e6 19. Rhe1 Bxd3 20. Nxd3 Bf8 21. e4 Qb5 22.
Bg5 Nh7 23. exd5 Nxg5 24. Qxg5 Be7 25. Rxe6 fxe6 26. Qxg6+ Kd8 27. Qxe6 Nf8 28.
Qe5 Rg8 29. Re1 Bxh4 30. g3 Rxg3 31. Qd6+ Nd7 32. Nac5 Rxc5 33. Nxc5 Rg6 34.
Ne6+ Rxe6 35. Rxe6 {Black forfeits on time} 1-0

[Event "Team 45 45 League T42"]
[Site "Internet Chess Club"]
[Date "2009.09.19"]
[Round "8"]
[White "Campagnolo"]
[Black "chiiwen"]
[Result "1-0"]
[WhiteElo "2042"]
[BlackElo "2057"]
[Opening "Sicilian: accelerated fianchetto, Maróczy bind"]
[ECO "B36"]
[Time "21:00:09"]
[TimeControl "2700+45"]

1. e4 c5 2. Nf3 g6 3. d4 cxd4 4. Nxd4 Nc6 5. c4 Nf6 6. Nc3 d6 7. Nc2 Bg7 8. Be2
O-O 9. O-O Bd7 10. Be3 a6 11. f3 Rc8 12. Rc1 Na5 13. Na3 Be6 14. b3 Nd7 15. Qd2
f5 16. Nd5 Nc6 17. Nf4 Bf7 18. exf5 gxf5 19. Nc2 Kh8 20. Rcd1 Rg8 21. Nh3 Bf6
22. Ng5 Qf8 23. Nxf7+ Qxf7 24. f4 Nf8 25. Bf3 Qg6 26. b4 Nd8 27. c5 dxc5 28.
Bxc5 Nfe6 29. Bb6 Bc3 30. Qe3 Qf6 31. Rd7 Bb2 32. Rf2 Nxf4 33. Qxf4 Qxb6 34.
Qxf5 Rxc2 35. Qxc2 Bd4 36. Rxe7 Qh6 37. g3 Ne6 38. Kg2 Nf4+ 39. Kh1 Bxf2 40.
Qc3+ {Black resigns} 1-0